Map: Catalyst LE

Players

llllllllllll

  • Race: Protoss Protoss
  • League: Master
  • Spawn Location: 5:00

PiG - Winner!

  • Race: Zerg Zerg
  • League: Grandmaster
  • Spawn Location: 11:00

VOD

Have the link to the VOD?

Description

Time

  • Played on: March 25, 2018, 8:06 p.m.
  • Length: 14:05
Show
View Real Time Build Order
Export as new Build Order

llllllllllll Protoss 

Build Orders: 1 Gate Expand, Oracle Opening, Phoenix Opening, Zealot Archon 

Get SALT Encoding   

  12  0:03  Probe  
  13  0:15  Probe  
  14  0:23  Pylon  
  14  0:27  Probe  
  15  0:41  Gateway, Probe (Chrono Boost)  
  17  0:51  Assimilator, Probe (Chrono Boost)  
  17  0:56  Probe (Chrono Boost)  
  18  1:07  Probe  
  19  1:19  Probe  
  20  1:27  Nexus  
  20  1:38  Cybernetics Core  
  20  1:43  Assimilator  
  20  1:47  Probe  
  20  1:53  Pylon  
  21  1:59  Probe  
  22  2:11  Probe  
  22  2:12  Adept (Chrono Boost)  
  25  2:27  Probe  
  26  2:30  Warp Gate, Stargate  
  26  2:31  Adept  
  28  2:39  Probe x2 (Chrono Boost)  
  30  2:48  Probe x2 (Chrono Boost)  
  32  2:53  Probe x2 (Chrono Boost)  
  34  2:58  Pylon  
  34  3:05  Probe (Chrono Boost)  
  36  3:07  Probe (Chrono Boost)  
  36  3:09  Adept  
  38  3:14  Phoenix  
  38  3:17  Probe (Chrono Boost)  
  42  3:22  Probe (Chrono Boost)  
  42  3:28  Gateway  
  42  3:35  Probe x2  
  42  3:39  Oracle  
  47  3:43  Assimilator  
  47  3:45  Assimilator  
  47  3:47  Probe  
  47  3:48  Probe  
  49  3:53  Pylon  
  49  3:58  Twilight Council  
  49  4:00  Probe x2 (Chrono Boost)  
  51  4:10  Robotics Facility  
  51  4:12  Probe x2 (Chrono Boost)  
  53  4:19  Pylon  
  53  4:20  Probe x2 (Chrono Boost)  
  55  4:26  Gateway  
  55  4:29  Gateway  
  55  4:32  Probe  
  55  4:37  Charge  
  56  4:43  Templar Archives  
  56  4:49  Gateway  
  56  4:50  Gateway  
  56  5:03  Zealot  
  56  5:04  Zealot  
  60  5:07  Pylon  
  58  5:16  Nexus  
  58  5:21  Warp Prism  
  60  5:30  Probe  
  60  5:31  Pylon, Probe  
  62  5:35  High Templar x2  
  62  5:41  High Templar x2  
  70  5:46  Probe, Archon x2  
  70  5:47  Probe  
  72  5:59  Probe  
  73  6:09  Pylon, Probe  
  73  6:11  Probe  
  75  6:16  Zealot x5  
  85  6:20  Pylon  
  85  6:21  Probe (Chrono Boost)  
  85  6:23  Pylon  
  85  6:24  Psionic Storm  
  86  6:28  Probe x2 (Chrono Boost)  
  86  6:33  Probe (Chrono Boost)  
  86  6:37  Probe (Chrono Boost)  
  86  6:39  Immortal (Chrono Boost), Probe (Chrono Boost)  
  91  6:47  Zealot x3  
  91  6:48  Zealot x2  
  99  7:01  Probe x2  
  101  7:03  Forge  
  99  7:09  Immortal (Chrono Boost)  
  103  7:17  Zealot x5  
  113  7:24  Probe x2  
  113  7:26  Probe  
  113  7:30  Zealot  
  113  7:36  Immortal, Probe x2  
  111  7:40  Probe  
  113  7:47  Protoss Ground Weapons Level 1 (Chrono Boost)  
  113  7:48  Probe  
  114  7:53  High Templar x3  
  114  7:54  High Templar  
  114  7:55  Probe  
  114  7:56  Assimilator  
  123  8:02  Assimilator  
  123  8:13  Probe  
  124  8:26  Zealot x2  
  125  8:32  Probe x2  
  125  8:35  Pylon  
  125  8:37  Pylon, Probe  
  125  8:38  Pylon  
  125  8:40  Warp Prism (Chrono Boost)  
  114  8:41  Zealot  
  114  8:42  Zealot x3  
  122  9:04  Nexus  
  122  9:05  Gateway  
  122  9:06  Photon Cannon  
  122  9:07  Gateway, Pylon  
  122  9:09  Pylon  
  122  9:10  Pylon, Zealot  
  122  9:11  Zealot x2  
  122  9:12  Pylon, Zealot  
  130  9:20  Immortal (Chrono Boost)  
  134  9:25  High Templar  
  134  9:26  High Templar  
  138  9:31  Archon  
  138  9:33  Photon Cannon  
  138  9:35  Photon Cannon, High Templar x2  
  142  9:39  Zealot x2  
  146  9:47  Probe  
  146  9:48  Probe  
  146  9:50  Shield Battery  
  146  9:52  Photon Cannon  
  148  9:55  Photon Cannon  
  148  9:57  Probe  
  149  10:04  Assimilator  
  149  10:07  Zealot  
  149  10:08  Zealot x3  
  157  10:23  Zealot x2  
  157  10:26  Immortal  
  163  10:30  Gateway  
  157  11:01  Nexus  
  150  11:12  Nexus  
  150  11:13  Pylon  
  150  11:14  Pylon x2  
  150  11:17  Pylon  
  144  11:26  Pylon  
  144  11:27  Pylon  
  144  11:28  Pylon  
  144  11:30  Pylon  
  137  11:36  Observer  
  134  11:40  Probe x2  
  134  11:44  Nexus  
  135  11:52  Probe x2  
  133  12:05  High Templar x4  
  133  12:06  High Templar  
  142  12:09  Observer  
  139  12:39  Archon  
  139  12:43  Zealot x2  
  139  12:44  Zealot x2  
  117  12:56  Zealot x2  
  100  13:13  Nexus  
  100  13:21  High Templar x2  
  100  13:22  High Templar  
  86  13:46  Archon  
  86  13:47  High Templar x2  
  86  13:48  High Templar x2  
Show
View Real Time Build Order
Export as new Build Order

PiG Zerg - Winner!

Build Orders: Hatch First, Lurkers, Roach Hydra 

Get SALT Encoding   

  12  0:01  Drone  
  13  0:13  Overlord  
  14  0:21  Drone  
  14  0:32  Drone x2  
  16  0:37  Drone  
  17  0:52  Hatchery  
  17  0:56  Drone  
  17  0:59  Drone  
  18  1:11  Extractor  
  17  1:14  Spawning Pool  
  17  1:17  Drone  
  17  1:20  Drone  
  18  1:29  Drone  
  19  1:40  Overlord  
  19  1:51  Drone  
  20  2:01  Queen  
  20  2:02  Zergling x2  
  20  2:04  Queen  
  20  2:05  Zergling x2  
  26  2:11  Metabolic Boost  
  26  2:13  Zergling x2  
  27  2:20  Drone  
  27  2:22  Drone  
  29  2:27  Drone  
  30  2:33  Drone  
  31  2:40  Hatchery  
  30  2:45  Drone x2  
  32  2:56  Queen, Overlord  
  34  2:59  Drone  
  34  3:03  Drone  
  36  3:15  Drone x2  
  36  3:16  Overlord  
  36  3:17  Drone x3  
  41  3:20  Drone x2  
  41  3:23  Drone  
  44  3:32  Overlord  
  44  3:35  Drone  
  45  3:43  Queen  
  45  3:47  Drone x4  
  51  3:52  Queen  
  53  3:59  Overlord x2  
  53  4:01  Drone x3  
  56  4:07  Spore Crawler  
  56  4:09  Spore Crawler  
  54  4:11  Drone x2  
  54  4:14  Roach Warren  
  55  4:18  Drone x2  
  55  4:19  Drone  
  55  4:20  Extractor  
  57  4:25  Drone  
  57  4:26  Drone x3  
  57  4:30  Lair  
  61  4:33  Extractor  
  61  4:34  Drone  
  61  4:35  Drone, Extractor  
  61  4:44  Spore Crawler  
  59  4:45  Zergling x4  
  59  4:49  Drone x3  
  59  4:50  Drone  
  59  4:51  Drone  
  66  4:52  Drone  
  66  4:53  Drone  
  66  4:55  Drone x2  
  66  4:57  Overlord x2  
  69  5:07  Overlord x2  
  68  5:17  Roach x7  
  82  5:27  Glial Reconstitution  
  82  5:32  Roach x7  
  82  5:33  Overseer  
  96  5:37  Extractor  
  96  5:39  Roach x2  
  98  5:53  Overlord x4  
  98  5:55  Roach  
  100  6:00  Roach x3  
  100  6:04  Overlord x2  
  106  6:05  Overlord  
  105  6:16  Zergling x2  
  118  6:18  Roach x6  
  118  6:30  Drone x4, Evolution Chamber  
  118  6:31  Hydralisk Den  
  118  6:48  Drone x4  
  118  6:49  Drone x6  
  118  6:51  Hatchery  
  118  6:53  Drone x2  
  129  7:02  Zerg Missile Weapons Level 1, Grooved Spines  
  129  7:15  Drone x2  
  129  7:16  Drone x7  
  138  7:24  Overlord  
  138  7:26  Drone, Extractor  
  138  7:27  Drone x2  
  136  7:41  Hydralisk x2  
  136  7:42  Hydralisk x5  
  146  7:50  Extractor  
  145  7:54  Extractor  
  144  8:04  Hydralisk x7  
  144  8:05  Hydralisk x2  
  162  8:09  Pneumatized Carapace  
  162  8:13  Lurker Den  
  162  8:14  Muscular Augments  
  162  8:16  Hydralisk x3  
  167  8:27  Overseer  
  167  8:37  Hydralisk x2  
  167  8:47  Drone  
  166  8:51  Hydralisk x4  
  166  8:52  Hydralisk x2  
  168  8:58  Zerg Missile Weapons Level 2  
  168  9:01  Overlord  
  168  9:02  Overlord x3  
  167  9:19  Queen, Hatchery  
  167  9:21  Hydralisk x7  
  167  9:22  Hydralisk x6  
  194  9:42  Lurker  
  194  9:43  Lurker x4  
  194  9:44  Lurker  
  200  9:48  Spine Crawler  
  200  9:49  Spine Crawler  
  200  9:50  Spore Crawler  
  200  9:51  Spine Crawler  
  196  9:54  Infestation Pit  
  196  9:57  Spine Crawler  
  194  10:00  Spine Crawler  
  193  10:10  Lurker x2  
  193  10:11  Lurker x3  
  198  10:32  Hydralisk  
  171  11:05  Hydralisk x7  
  171  11:06  Hydralisk x4  
  171  11:08  Drone  
  171  11:09  Drone x6  
  196  11:24  Zerg Ground Armor Level 1, Hive  
  196  11:27  Hatchery  
  196  11:29  Zergling x12  
  196  11:30  Extractor  
  157  12:39  Hydralisk x17  
  157  12:42  Overseer x3  
  148  12:59  Hydralisk x10  
  148  13:00  Hydralisk x4  
  148  13:04  Hydralisk x4  
  176  13:11  Adaptive Talons  
  162  13:13  Lurker x4  
  162  13:15  Zergling x6  
  162  13:16  Zergling x2  
  162  13:17  Extractor  
  162  13:18  Drone x3, Extractor  
  171  13:25  Lurker x2  
  171  13:27  Zergling x10  
  178  13:30  Extractor  
Tags
 
Add a new tag
Caveats
  • Supply blocks, unpowered buildings, or Contaminate may cause inaccurate times.
  • Supply counts are checked every 10 seconds.